 Dungeon Crawl Stone Soup version 0.31.0-9-g3a7656b989 (webtiles) character file.

Game seed: 4334315270235687683

95 qw the Shooter (level 4, -2/22 HPs)
             Began as a Spriggan Hunter on Feb 2, 2024.
             Slain by a gnoll
             ... wielding a +0 spear
              (7 damage)
             ... on level 3 of the Dungeon.
             The game lasted 00:00:07 (1492 turns).

qw the Shooter (Spriggan Hunter)                    Turns: 1492, Time: 00:00:08

Health: -2/22      AC:  2    Str:  7    XL:     4   Next: 39%
Magic:  5/5        EV: 20    Int: 10    God:
Gold:   135        SH:  0    Dex: 20    Spells: 3/3 levels left

rFire   + + .        a - +0 shortbow
rCold   + . .        (shield currently unavailable)
rNeg    . . .        c - +0 robe
rPois   .            (helmet restricted)
rElec   .            f - scarf {rC+ rF+}
rCorr   .            (gloves unavailable)
SInv    +            (boots unavailable)
Will    .....        j - amulet of regeneration
Stlth   ++           h - ring of protection from fire
HPRegen 1.03/turn    (no ring)
MPRegen 0.09/turn

%: no passive effects
@: very quick
A: very small, no large weapons, unfitting armour, see invisible, speed 3
a: no special abilities


You were on level 3 of the Dungeon.
You visited 1 branch of the dungeon, and saw 3 of its levels.

You collected 135 gold pieces.


Innate Abilities, Weirdness & Mutations

You are very small and have problems with some larger weapons.
You are too small for most types of armour.
You have supernaturally acute eyesight. (SInv)
You cover ground extremely quickly. (Speed+++)


   Skills:
 - Level 1.5 Fighting
 - Level 5.0 Ranged Weapons
 + Level 4.9 Dodging
 - Level 1.5 Stealth


You had 3 spell levels left.
You didn't know any spells.
Your spell library was empty.

Inventory:

Hand Weapons
 a - a +0 shortbow (weapon)
Armour
 c - a +0 robe (worn)
 f - a scarf of resistance (worn)
 g - a +0 cloak
Jewellery
 h - a ring of protection from fire (left hand)
 j - an amulet of regeneration (around neck)
Potions
 d - a potion of enlightenment
 e - a potion of curing
 i - a potion of cancellation
 k - a potion of berserk rage {unknown}

Dungeon Overview and Level Annotations

Branches:
Dungeon (3/15)

Altars:

Shops:
D:1 *


Message History

You kill the gnoll!
You shoot an arrow.
The arrow hits the gnoll but does no damage.
You shoot an arrow. The arrow barely misses the gnoll.
You shoot an arrow. The arrow hits the gnoll.
The gnoll is lightly wounded.
You shoot an arrow. The arrow hits the gnoll.
The gnoll is heavily wounded.
A gnoll opens the door.
A gnoll comes into view. It is wielding a +0 halberd.
The gnoll completely misses you. The rat completely misses you.
A gnoll comes into view. It is wielding a +0 spear.
The gnoll misses you. The rat closely misses you.
You shoot an arrow. The arrow hits the gnoll.
The gnoll is severely wounded.
The gnoll hits you with a +0 flail! The rat completely misses you.
You shoot an arrow. The arrow hits the gnoll!
You kill the gnoll!
The rat misses you.
You shoot an arrow. The arrow hits the rat.
You kill the rat!
You shoot an arrow. The arrow closely misses the gnoll.
The arrow hits the gnoll.
The gnoll is heavily wounded.
The gnoll completely misses you.
You shoot an arrow. The arrow barely misses the gnoll.
The gnoll closely misses you.
The gnoll hits you from afar with a +0 halberd!
You shoot an arrow. The arrow hits the gnoll.
The gnoll is heavily wounded.
The gnoll completely misses you. The gnoll barely misses you.
You shoot an arrow.
The arrow hits the gnoll but does no damage.
The gnoll is heavily wounded.
The gnoll closely misses you. The gnoll barely misses you.
The gnoll hits you from afar with a +0 halberd!
The gnoll misses you.
You shoot an arrow. The arrow barely misses the gnoll.
The gnoll hits you from afar with a +0 spear!
You die...

..##+#..............#.......
.......##......#####........
.......##......#...#........
.......##......#...#........
......<............#........
....................>...#.##
#...........................
#...........##..........#...
#.####......##.#@)..........
. .......?. #<%..........
##.#.......gg......##...
..#.........)......+...
#..........# .. #.#'#......#
..#.#......# ............


You could see 2 gnolls.

Vanquished Creatures
  2 gnolls (D:3)
  An adder (D:2)
  A dart slug (D:2)
  3 ribbon worms
  7 bats
  3 endoplasms
  A giant cockroach (D:1)
  4 goblins
  4 hobgoblins
  2 jackals (D:2)
  4 quokkas
  8 ball pythons
  4 frilled lizards
  4 kobolds
  3 rats
51 creatures vanquished.

Notes
Turn   | Place    | Note
-------+----------+-------------------------------------------
     0 | D:1      | qw the Spriggan Hunter began the quest for the Orb.
     0 | D:1      | Reached XP level 1. HP: 10/10 MP: 2/2
     0 | D:1      | 0 ||| qw: Version: 0.3-a-155-g5e7d8dd
     0 | D:1      | 0 ||| qw: Game counter: 566
     0 | D:1      | 0 ||| qw: Melee chars always use a shield: true
     0 | D:1      | 0 ||| qw: God list: Okawaru
     0 | D:1      | 0 ||| qw: Allow faded altars: false
     0 | D:1      | 0 ||| qw: Do Orc after clearing Dungeon:15 true
     0 | D:1      | 0 ||| qw: Do second Lair branch before Depths: true
     0 | D:1      | 0 ||| qw: Lair rune preference: random
     0 | D:1      | 0 ||| qw: Goals: Normal
     0 | D:1      | 0 ||| PLANNING D:1-11
    12 | D:1      | Reached skill level 3 in Dodging
   213 | D:1      | Reached XP level 2. HP: 14/14 MP: 3/3
   556 | D:1      | Found Mefianus's General Store.
   650 | D:1      | 650 ||| UPGRADING to scarf of resistance.
   655 | D:1      | 655 ||| UPGRADING to amulet of regeneration.
   660 | D:1      | 660 ||| UPGRADING to ring of protection from fire.
   661 | D:1      | 661 ||| READING scroll labelled HEDOSCH CALAVI.
   666 | D:1      | 666 ||| READING scroll labelled YSEOSIA ZOVE.
   767 | D:1      | 767 ||| READING scroll labelled ADAR INISI COQO.
   768 | D:1      | 768 ||| READING scroll labelled PUITIC NIXT.
   769 | D:1      | 769 ||| DROPPING scroll of butterflies.
   859 | D:2      | Reached XP level 3. HP: 18/18 MP: 4/4
  1259 | D:2      | Reached skill level 5 in Ranged Weapons
  1387 | D:2      | 1387 ||| READING 2 scrolls labelled METYEH HE CEXA.
  1387 | D:2      | 1387 ||| IDENTIFYING viscous dark potion
  1388 | D:2      | 1388 ||| READING scroll of identify.
  1388 | D:2      | 1388 ||| IDENTIFYING puce potion
  1389 | D:2      | 1389 ||| DRINKING 2 smoky puce potions.
  1429 | D:3      | 1429 ||| STAIRDANCE
  1434 | D:2      | Reached XP level 4. HP: 21/22 MP: 5/5
  1491 | D:3      | HP: 4/22 [gnoll/+0 halberd (8)]
  1492 | D:3      | Slain by a gnoll

Levels and vault maps discovered:
D:1:      sevenhm_arrival_forest_fort_large_4, layout_basic, serial_shops,
          nicolae_shop_pleasant_corner_grove, minmay_misc_feat_enclosed
D:2:      layout_basic, serial_bayou, serial_bayou_ford_a, serial_bayou_lake_a,
          serial_bayou_pond_d, serial_bayou_pond_b
D:3:      layout_basic, uniq_ijyb, uniq_robin

Skill      XL: |  1  2  3 |
---------------+----------+-----
Dodging        | 3 4 |  4.9
Ranged Weapons | 5 |  5.0
Fighting       | |  1.5
Stealth        | |  1.5

Action                     |  1- 3 |  4- 6 || total
---------------------------+-------+-------++-------
   Fire: Shortbow          |   135 |    25 ||   160
    Use: Scroll            |     6 |       ||     6
         Potion            |     1 |       ||     1
 Armour: Robe              |    14 |     5 ||    19
  Dodge: Dodged            |    47 |    15 ||    62

Table legend:
 A = Non-vault XP
 B = Vault XP
 C = Vault XP percentage of total XP
 D = Non-vault monster count
 E = Vault monster count
 F = Vault count percentage of total count
                 A         B        C        D         E       F
            +---------+---------+-------+---------+---------+-------
      Total |     117 |      19 |  14.0 |      43 |       8 |  15.7
            +---------+---------+-------+---------+---------+-------
        D:1 |      35 |       0 |   0.0 |      21 |       0 |   0.0
        D:2 |      46 |      19 |  29.2 |      17 |       8 |  32.0
        D:3 |      36 |       0 |   0.0 |       5 |       0 |   0.0
            +---------+---------+-------+---------+---------+-------
